General information
- name: BNet
- type: Ladder team game (AT/RT)
- host: Battle.net
- saver: TIMG4STRok
map: Slalom
- players: 8
- length: 92:36
- speed: Fast
- version: 1.21 W3XP
- replay type:

» download(887 KB)
Players
team 1 (loser)
Per]Culipandeo (
pink | 99 APM | 5944 actions | 60:05)
4 Blademaster
2 Wind Walk
2 Critical Strike
2 Naga Sea Witch
1 Frost Arrows
1 Forked Lightning
2 Pandaren Brewmaster
1 Breath of Fire
1 Drunken Haze
» actions
| Assign group hotkey | 183 | |
| Basic commands | 319 | |
| Build / train | 126 | |
| ESC pressed | 7 | |
| Enter build submenu | 39 | |
| Enter hero's abilities submenu | 9 | |
| Give item / drop item | 4 | |
| Right click | 2079 | |
| Select / deselect | 649 | |
| Select group hotkey | 2334 | |
| Use ability | 195 | |
5944 total
» units
| Peon | 27 | |
| Troll Batrider | 9 | |
| Demolisher | 12 | |
| Troll Witch Doctor | 8 | |
| Shaman | 1 | |
57 total
» upgrades
| Ranged Weapons | 3 | |
| Liquid Fire | 1 | |
| Reinforced Defenses | 1 | |
| Armor | 3 | |
| Witch Doctor Training | 2 | |
| Burning Oil | 1 | |
11 total
» buildings
| Altar of Storms | 2 | |
| Orc Burrow | 7 | |
| Voodoo Lounge | 4 | |
| Stronghold | 11 | |
| War Mill | 1 | |
| Watch Tower | 9 | |
| Beastiary | 4 | |
| Fortress | 1 | |
| Great Hall | 1 | |
| Barracks | 3 | |
| Spirit Lodge | 1 | |
44 total
» build order
00:08 Altar of Storms
00:19 Orc Burrow
00:36 Voodoo Lounge
02:47 Stronghold
02:48 Stronghold
02:48 Stronghold
02:48 Stronghold
03:01 War Mill
03:25 Orc Burrow
03:39 Orc Burrow
04:20 Watch Tower
04:26 Watch Tower
04:29 Watch Tower
04:33 Watch Tower
05:21 Beastiary
05:36 Beastiary
06:02 Fortress
10:56 Orc Burrow
11:35 Orc Burrow
14:01 Voodoo Lounge
19:32 Watch Tower
19:48 Watch Tower
20:03 Watch Tower
20:19 Watch Tower
20:36 Beastiary
20:40 Beastiary
21:36 Watch Tower
22:52 Great Hall
25:37 Voodoo Lounge
27:05 Barracks
27:32 Barracks
27:53 Barracks
28:39 Orc Burrow
31:16 Orc Burrow
32:23 Altar of Storms
36:23 Spirit Lodge
41:47 Voodoo Lounge
» items
| Healing Salve | 3 | |
| Scroll of Speed | 2 | |
| Lesser Clarity Potion | 7 | |
| Scroll of Town Portal | 1 | |
| Potion of Healing | 5 | |
| Boots of Speed | 2 | |
| Staff of Teleportation | 1 | |
| Orb of Lightning | 1 | |
| Tiny Great Hall | 3 | |
| Potion of Mana | 1 | |
26 total
Per]Dragon (
green | 159 APM | 14748 actions | 92:34)
7 Death Knight
3 Death Coil
3 Unholy Aura
1 Animate Dead
6 Lich
3 Frost Nova
2 Dark Ritual
1 Death and Decay
7 Pit Lord
3 Howl of Terror
3 Cleaving Attack
1 Rain of Fire
» actions
| Assign group hotkey | 79 | |
| Basic commands | 300 | |
| Build / train | 180 | |
| ESC pressed | 18 | |
| Enter build submenu | 41 | |
| Enter hero's abilities submenu | 19 | |
| Give item / drop item | 12 | |
| Right click | 7141 | |
| Select / deselect | 1416 | |
| Select group hotkey | 5014 | |
| Use ability | 528 | |
14748 total
» units
| Acolyte | 41 | |
| Ghoul | 3 | |
| Crypt Fiend | 6 | |
| Frost Wyrm | 8 | |
58 total
» upgrades
| Creature Attack | 3 | |
| Creature Carapace | 4 | |
| Burrow | 1 | |
| Web | 1 | |
| Freezing Breath | 1 | |
10 total
» buildings
| Crypt | 2 | |
| Graveyard | 1 | |
| Ziggurat | 11 | |
| Altar of Darkness | 1 | |
| Tomb of Relics | 3 | |
| Halls of the Dead | 2 | |
| Nerubian Tower | 8 | |
| Necropolis | 3 | |
| Black Citadel | 3 | |
| Sacrificial Pit | 1 | |
| Boneyard | 4 | |
| Spirit Tower | 2 | |
41 total
» build order
00:16 Crypt
00:28 Graveyard
00:39 Ziggurat
00:49 Altar of Darkness
01:10 Crypt
01:15 Tomb of Relics
01:33 Ziggurat
01:36 Ziggurat
03:26 Halls of the Dead
04:00 Nerubian Tower
04:00 Nerubian Tower
04:00 Nerubian Tower
04:01 Nerubian Tower
04:37 Necropolis
06:15 Black Citadel
06:15 Black Citadel
06:19 Ziggurat
06:39 Sacrificial Pit
08:15 Ziggurat
08:16 Ziggurat
08:17 Ziggurat
08:31 Ziggurat
08:33 Nerubian Tower
08:50 Boneyard
08:50 Boneyard
08:51 Boneyard
09:23 Boneyard
12:23 Tomb of Relics
21:05 Necropolis
21:42 Tomb of Relics
22:15 Spirit Tower
22:15 Spirit Tower
23:48 Ziggurat
23:48 Ziggurat
24:54 Nerubian Tower
24:54 Nerubian Tower
24:55 Ziggurat
33:38 Necropolis
» items
| Rod of Necromancy | 3 | |
| Potion of Healing | 2 | |
| Potion of Mana | 1 | |
| Scroll of Town Portal | 6 | |
| Orb of Corruption | 1 | |
| Scroll of Healing | 2 | |
| Potion of Lesser Invulnerability | 2 | |
| Potion of Invisibility | 1 | |
| Dust of Appearance | 1 | |
| Orb of Lightning | 1 | |
| Scroll of Speed | 1 | |
| Tome of Retraining | 1 | |
22 total
Per]emisario (
teal | 104 APM | 9357 actions | 90:00)
7 Dark Ranger
3 Black Arrow
3 Silence
1 Charm
» actions
| Assign group hotkey | 87 | |
| Basic commands | 421 | |
| Build / train | 90 | |
| ESC pressed | 5 | |
| Enter build submenu | 24 | |
| Enter hero's abilities submenu | 8 | |
| Give item / drop item | 7 | |
| Remove unit from queue | 1 | |
| Right click | 4574 | |
| Select / deselect | 526 | |
| Select group hotkey | 3400 | |
| Use ability | 214 | |
9357 total
» units
| Wisp | 38 | |
| Chimaera | 12 | |
| Troll Witch Doctor | 4 | |
| Shaman | 1 | |
55 total
» upgrades
| Corrosive Breath | 1 | |
| Reinforced Hides | 2 | |
| Strength of the Wild | 2 | |
| Nature's Blessing | 1 | |
| Backpack | 1 | |
7 total
» buildings
| Altar of Elders | 1 | |
| Moon Well | 8 | |
| Tree of Ages | 1 | |
| Tree of Life | 2 | |
| Tree of Eternity | 5 | |
| Ancient of Wind | 1 | |
| Chimaera Roost | 4 | |
| Hunter's Hall | 1 | |
| Ancient of Wonders | 1 | |
| Ancient Protector | 7 | |
31 total
» build order
00:20 Altar of Elders
00:27 Moon Well
02:28 Moon Well
06:19 Tree of Ages
07:24 Moon Well
08:01 Tree of Life
08:40 Tree of Eternity
08:41 Tree of Eternity
08:41 Tree of Eternity
08:41 Tree of Eternity
11:38 Ancient of Wind
12:48 Chimaera Roost
12:58 Chimaera Roost
13:47 Chimaera Roost
13:52 Chimaera Roost
14:57 Moon Well
14:58 Moon Well
15:01 Moon Well
15:01 Moon Well
15:54 Hunter's Hall
16:44 Moon Well
16:48 Ancient of Wonders
17:07 Ancient Protector
17:08 Ancient Protector
20:56 Ancient Protector
20:57 Ancient Protector
23:32 Ancient Protector
23:35 Ancient Protector
23:39 Ancient Protector
35:19 Tree of Life
» items
| Potion of Healing | 1 | |
| Scroll of Town Portal | 2 | |
| Moonstone | 1 | |
4 total
PER]RomeO (
orange | 152 APM | 14036 actions | 92:32)
7 Death Knight
3 Death Coil
2 Unholy Aura
2 Animate Dead
5 Lich
3 Frost Nova
2 Dark Ritual
» actions
| Assign group hotkey | 162 | |
| Basic commands | 609 | |
| Build / train | 101 | |
| ESC pressed | 8 | |
| Enter build submenu | 31 | |
| Enter hero's abilities submenu | 12 | |
| Give item / drop item | 7 | |
| Right click | 5677 | |
| Select / deselect | 1256 | |
| Select group hotkey | 5901 | |
| Use ability | 271 | |
14036 total
» units
| Acolyte | 14 | |
| Ghoul | 3 | |
| Crypt Fiend | 8 | |
| Frost Wyrm | 13 | |
38 total
» upgrades
| Creature Attack | 3 | |
| Web | 1 | |
| Creature Carapace | 3 | |
| Burrow | 1 | |
| Freezing Breath | 1 | |
9 total
» buildings
| Crypt | 1 | |
| Graveyard | 1 | |
| Altar of Darkness | 1 | |
| Ziggurat | 14 | |
| Tomb of Relics | 1 | |
| Nerubian Tower | 1 | |
| Halls of the Dead | 3 | |
| Necropolis | 1 | |
| Black Citadel | 2 | |
| Spirit Tower | 3 | |
| Sacrificial Pit | 1 | |
| Boneyard | 2 | |
31 total
» build order
00:14 Crypt
00:21 Graveyard
00:54 Altar of Darkness
01:07 Ziggurat
01:09 Ziggurat
01:33 Tomb of Relics
02:11 Ziggurat
03:47 Nerubian Tower
04:51 Halls of the Dead
04:51 Halls of the Dead
05:54 Necropolis
07:15 Black Citadel
07:15 Black Citadel
07:41 Ziggurat
07:42 Ziggurat
07:59 Ziggurat
08:59 Spirit Tower
09:09 Sacrificial Pit
10:09 Boneyard
11:04 Boneyard
11:32 Ziggurat
13:14 Ziggurat
15:10 Ziggurat
20:53 Ziggurat
20:54 Ziggurat
20:56 Ziggurat
22:21 Spirit Tower
22:23 Spirit Tower
40:58 Ziggurat
41:00 Ziggurat
» items
| Rod of Necromancy | 14 | |
| Potion of Mana | 2 | |
| Potion of Lesser Invulnerability | 1 | |
| Orb of Corruption | 1 | |
| Scroll of Healing | 1 | |
| Scroll of Town Portal | 3 | |
| Staff of Teleportation | 1 | |
23 total
team 2 (winner)
Blahsmack (
blue | 43 APM | 3968 actions | 92:34)
6 Blademaster
2 Wind Walk
3 Critical Strike
1 Bladestorm
» actions
| Assign group hotkey | 1 | |
| Basic commands | 77 | |
| Build / train | 73 | |
| Enter build submenu | 66 | |
| Enter hero's abilities submenu | 6 | |
| Give item / drop item | 5 | |
| Right click | 2993 | |
| Select / deselect | 518 | |
| Use ability | 228 | |
3968 total
» units
» upgrades
| Spiked Barricades | 1 | |
| Ranged Weapons | 2 | |
| Liquid Fire | 1 | |
| Reinforced Defenses | 1 | |
5 total
» buildings
| War Mill | 4 | |
| Orc Burrow | 11 | |
| Altar of Storms | 4 | |
| Watch Tower | 61 | |
| Voodoo Lounge | 9 | |
| Stronghold | 2 | |
| Great Hall | 1 | |
| Beastiary | 3 | |
| Fortress | 2 | |
97 total
» build order
00:09 War Mill
00:12 Orc Burrow
00:25 Altar of Storms
01:14 Orc Burrow
02:48 Watch Tower
03:23 Watch Tower
04:04 Watch Tower
04:43 Watch Tower
04:55 Watch Tower
05:10 Watch Tower
06:11 Watch Tower
06:12 Watch Tower
06:13 Watch Tower
07:31 Watch Tower
07:33 Watch Tower
07:41 Watch Tower
08:02 Voodoo Lounge
08:17 Watch Tower
08:18 Watch Tower
08:20 Watch Tower
08:23 Stronghold
08:47 Great Hall
09:05 Watch Tower
09:06 Watch Tower
09:08 Watch Tower
09:41 Watch Tower
09:42 Watch Tower
09:44 Watch Tower
10:30 Watch Tower
10:31 Watch Tower
10:32 Watch Tower
10:33 Watch Tower
10:58 Beastiary
11:55 Watch Tower
11:59 Watch Tower
12:15 Beastiary
12:32 War Mill
12:51 Voodoo Lounge
13:37 Watch Tower
13:38 Watch Tower
13:39 Watch Tower
14:05 Fortress
14:37 Watch Tower
15:55 Watch Tower
15:56 Watch Tower
15:58 Watch Tower
16:13 Orc Burrow
16:14 Orc Burrow
16:33 Watch Tower
16:34 Watch Tower
16:38 Watch Tower
16:46 Voodoo Lounge
17:00 Watch Tower
18:10 Voodoo Lounge
18:17 Voodoo Lounge
18:21 Watch Tower
18:22 Watch Tower
18:23 Watch Tower
18:24 Watch Tower
18:25 Watch Tower
18:26 Watch Tower
19:36 Beastiary
21:46 Watch Tower
23:05 Altar of Storms
23:12 Watch Tower
23:13 Watch Tower
23:14 Watch Tower
23:47 War Mill
26:13 Orc Burrow
26:13 Orc Burrow
26:14 Orc Burrow
26:14 Orc Burrow
27:12 Altar of Storms
27:21 Orc Burrow
27:44 Stronghold
28:05 War Mill
30:31 Fortress
34:50 Voodoo Lounge
34:59 Voodoo Lounge
37:44 Orc Burrow
37:45 Orc Burrow
38:23 Voodoo Lounge
38:47 Watch Tower
38:48 Watch Tower
38:49 Watch Tower
40:58 Watch Tower
40:59 Watch Tower
41:00 Watch Tower
47:18 Voodoo Lounge
48:41 Altar of Storms
48:50 Watch Tower
48:51 Watch Tower
48:53 Watch Tower
49:58 Watch Tower
49:59 Watch Tower
50:05 Watch Tower
50:06 Watch Tower
» items
| Staff of Teleportation | 2 | |
| Boots of Speed | 1 | |
| Orb of Lightning | 3 | |
| Potion of Healing | 3 | |
9 total

»
Gobiner (
yellow | 60 APM | 5561 actions | 92:34)
7 Death Knight
3 Death Coil
3 Unholy Aura
1 Animate Dead
6 Lich
3 Frost Nova
2 Frost Armor
1 Death and Decay
» actions
| Assign group hotkey | 28 | |
| Basic commands | 101 | |
| Build / train | 73 | |
| ESC pressed | 5 | |
| Enter build submenu | 30 | |
| Enter hero's abilities submenu | 19 | |
| Give item / drop item | 15 | |
| Right click | 2835 | |
| Select / deselect | 363 | |
| Select group hotkey | 1605 | |
| Use ability | 487 | |
5561 total
» units
| Acolyte | 4 | |
| Ghoul | 4 | |
| Crypt Fiend | 12 | |
| Frost Wyrm | 1 | |
21 total
» upgrades
| Burrow | 1 | |
| Web | 1 | |
| Creature Attack | 3 | |
| Creature Carapace | 3 | |
| Stone Form | 1 | |
| Ghoul Frenzy | 1 | |
| Backpack | 1 | |
| Freezing Breath | 1 | |
12 total
» buildings
| Altar of Darkness | 3 | |
| Graveyard | 2 | |
| Crypt | 2 | |
| Ziggurat | 10 | |
| Nerubian Tower | 1 | |
| Tomb of Relics | 1 | |
| Halls of the Dead | 4 | |
| Spirit Tower | 4 | |
| Black Citadel | 1 | |
| Sacrificial Pit | 1 | |
| Boneyard | 3 | |
| Necropolis | 3 | |
35 total
» build order
00:51 Altar of Darkness
00:55 Graveyard
01:06 Crypt
01:26 Ziggurat
01:39 Ziggurat
02:20 Nerubian Tower
02:36 Tomb of Relics
03:16 Ziggurat
04:44 Halls of the Dead
04:45 Halls of the Dead
04:45 Halls of the Dead
05:21 Spirit Tower
07:10 Spirit Tower
09:28 Ziggurat
09:32 Black Citadel
11:30 Spirit Tower
15:24 Sacrificial Pit
17:51 Ziggurat
17:53 Ziggurat
17:54 Ziggurat
17:57 Ziggurat
19:06 Spirit Tower
19:11 Boneyard
19:12 Boneyard
19:14 Boneyard
24:07 Necropolis
25:45 Necropolis
27:07 Altar of Darkness
27:58 Necropolis
30:15 Ziggurat
31:21 Altar of Darkness
33:09 Ziggurat
34:04 Crypt
36:39 Graveyard
» items
| Dust of Appearance | 1 | |
| Rod of Necromancy | 1 | |
| Potion of Lesser Invulnerability | 1 | |
| Orb of Corruption | 1 | |
| Staff of Teleportation | 2 | |
| Boots of Speed | 2 | |
| Orb of Lightning | 1 | |
| Staff of Sanctuary | 1 | |
10 total
iggy_the_fisk (
red | 90 APM | 8365 actions | 92:34)
6 Archmage
3 Blizzard
3 Brilliance Aura
6 Mountain King
3 Storm Bolt
2 Bash
1 Avatar
» actions
| Assign group hotkey | 218 | |
| Basic commands | 20 | |
| Build / train | 139 | |
| Enter build submenu | 96 | |
| Enter hero's abilities submenu | 13 | |
| Give item / drop item | 8 | |
| Remove unit from queue | 8 | |
| Right click | 4811 | |
| Select / deselect | 601 | |
| Select group hotkey | 1956 | |
| Use ability | 494 | |
8365 total
» units
| Peasant | 32 | |
| Dragonhawk Rider | 7 | |
39 total
» upgrades
| Masonry | 3 | |
| Lumber Harvesting | 2 | |
| Magic Sentry | 1 | |
| Swords | 2 | |
| Armor | 1 | |
| Animal War Training | 1 | |
10 total
» buildings
| Altar of Kings | 3 | |
| Lumber Mill | 3 | |
| Farm | 9 | |
| Scout Tower | 91 | |
| Arcane Tower | 4 | |
| Arcane Vault | 3 | |
| Guard Tower | 36 | |
| Keep | 4 | |
| Town Hall | 2 | |
| Arcane Sanctum | 1 | |
| Castle | 4 | |
| Gryphon Aviary | 1 | |
| Blacksmith | 1 | |
| Barracks | 1 | |
163 total
» build order
00:06 Altar of Kings
00:18 Lumber Mill
00:33 Farm
01:02 Farm
01:59 Farm
02:44 Scout Tower
03:15 Arcane Tower
03:16 Scout Tower
03:18 Scout Tower
03:23 Scout Tower
03:24 Scout Tower
03:37 Arcane Vault
04:32 Arcane Tower
04:33 Guard Tower
04:36 Guard Tower
04:37 Scout Tower
04:38 Scout Tower
04:46 Arcane Vault
05:10 Scout Tower
05:25 Guard Tower
05:41 Guard Tower
05:44 Scout Tower
05:47 Scout Tower
06:56 Guard Tower
06:59 Scout Tower
07:01 Scout Tower
07:02 Scout Tower
07:04 Scout Tower
07:29 Keep
07:34 Guard Tower
07:37 Scout Tower
07:38 Scout Tower
07:47 Keep
07:48 Keep
07:48 Keep
08:16 Guard Tower
08:19 Arcane Vault
08:23 Scout Tower
09:10 Town Hall
09:19 Guard Tower
09:24 Scout Tower
09:24 Scout Tower
09:41 Guard Tower
10:05 Scout Tower
10:06 Scout Tower
10:07 Scout Tower
10:18 Scout Tower
10:45 Arcane Tower
11:15 Scout Tower
11:22 Guard Tower
11:25 Arcane Sanctum
11:28 Guard Tower
11:35 Scout Tower
11:43 Scout Tower
11:44 Scout Tower
11:47 Guard Tower
12:18 Guard Tower
12:22 Scout Tower
12:23 Scout Tower
12:29 Castle
12:29 Castle
12:29 Castle
12:30 Castle
12:54 Scout Tower
13:13 Guard Tower
13:19 Scout Tower
13:22 Scout Tower
13:23 Scout Tower
13:25 Arcane Tower
13:30 Guard Tower
14:10 Guard Tower
14:13 Scout Tower
14:15 Scout Tower
14:15 Scout Tower
14:16 Scout Tower
14:52 Scout Tower
15:48 Guard Tower
15:52 Gryphon Aviary
15:55 Blacksmith
15:57 Barracks
16:11 Guard Tower
16:14 Scout Tower
16:18 Scout Tower
16:29 Scout Tower
16:30 Scout Tower
16:31 Scout Tower
16:32 Scout Tower
16:34 Scout Tower
16:36 Scout Tower
16:43 Scout Tower
16:44 Scout Tower
16:46 Scout Tower
16:47 Scout Tower
16:50 Scout Tower
16:51 Scout Tower
16:51 Scout Tower
16:52 Scout Tower
17:10 Farm
17:11 Farm
17:15 Guard Tower
17:17 Scout Tower
17:18 Scout Tower
17:20 Scout Tower
17:22 Scout Tower
17:26 Scout Tower
17:27 Scout Tower
20:04 Scout Tower
20:05 Scout Tower
20:06 Scout Tower
20:08 Scout Tower
20:10 Scout Tower
20:12 Scout Tower
20:14 Scout Tower
20:14 Scout Tower
20:41 Guard Tower
20:41 Guard Tower
21:25 Lumber Mill
21:45 Lumber Mill
22:39 Guard Tower
22:49 Scout Tower
22:49 Guard Tower
22:52 Scout Tower
22:52 Scout Tower
23:18 Guard Tower
23:20 Scout Tower
23:21 Scout Tower
23:37 Guard Tower
23:44 Scout Tower
23:52 Guard Tower
23:54 Scout Tower
23:55 Scout Tower
24:21 Guard Tower
24:25 Scout Tower
24:26 Scout Tower
25:30 Guard Tower
25:32 Altar of Kings
25:35 Town Hall
26:06 Guard Tower
26:58 Scout Tower
26:59 Scout Tower
28:27 Guard Tower
39:22 Scout Tower
39:23 Scout Tower
39:24 Scout Tower
39:25 Scout Tower
40:38 Guard Tower
40:57 Farm
40:59 Farm
41:00 Farm
41:02 Farm
41:17 Guard Tower
41:44 Scout Tower
41:53 Scout Tower
42:41 Guard Tower
42:44 Scout Tower
43:48 Guard Tower
43:48 Scout Tower
43:56 Altar of Kings
44:53 Guard Tower
44:55 Scout Tower
44:58 Scout Tower
44:58 Scout Tower
58:27 Guard Tower
» items
| Scroll of Regeneration | 4 | |
| Boots of Speed | 1 | |
| Staff of Teleportation | 1 | |
| Staff of Sanctuary | 2 | |
| Orb of Lightning | 1 | |
| Scroll of Town Portal | 5 | |
| Healing Salve | 2 | |
16 total

»
TIMG4STRok (
purple | 111 APM | 10243 actions | 92:35)
5 Archmage
3 Blizzard
2 Brilliance Aura
5 Mountain King
3 Storm Bolt
2 Bash
5 Paladin
3 Holy Light
2 Divine Shield
» actions
| Assign group hotkey | 14 | |
| Basic commands | 95 | |
| Build / train | 165 | |
| ESC pressed | 4 | |
| Enter build submenu | 94 | |
| Enter hero's abilities submenu | 15 | |
| Give item / drop item | 6 | |
| Right click | 5698 | |
| Select / deselect | 674 | |
| Select group hotkey | 2617 | |
| Use ability | 860 | |
10243 total
» units
| Peasant | 37 | |
| Dragonhawk Rider | 10 | |
47 total
» upgrades
| Masonry | 3 | |
| Magic Sentry | 1 | |
| Lumber Harvesting | 2 | |
| Armor | 3 | |
| Animal War Training | 1 | |
| Swords | 2 | |
| Cloud | 1 | |
13 total
» buildings
| Farm | 9 | |
| Lumber Mill | 2 | |
| Altar of Kings | 2 | |
| Scout Tower | 138 | |
| Arcane Tower | 5 | |
| Guard Tower | 59 | |
| Keep | 2 | |
| Town Hall | 2 | |
| Arcane Sanctum | 1 | |
| Castle | 2 | |
| Arcane Vault | 3 | |
| Gryphon Aviary | 2 | |
| Blacksmith | 1 | |
| Barracks | 1 | |
229 total
» build order
00:29 Farm
00:37 Lumber Mill
01:25 Altar of Kings
01:26 Scout Tower
01:56 Arcane Tower
02:02 Scout Tower
02:34 Farm
02:35 Guard Tower
02:37 Scout Tower
03:09 Guard Tower
03:12 Scout Tower
03:14 Scout Tower
03:21 Scout Tower
04:02 Guard Tower
04:07 Scout Tower
04:09 Scout Tower
04:27 Arcane Tower
04:38 Guard Tower
04:53 Scout Tower
04:54 Scout Tower
05:05 Scout Tower
05:07 Scout Tower
05:08 Scout Tower
06:02 Guard Tower
06:42 Keep
07:58 Town Hall
08:12 Scout Tower
08:13 Scout Tower
08:26 Scout Tower
09:09 Scout Tower
09:12 Scout Tower
09:21 Guard Tower
09:25 Scout Tower
09:26 Scout Tower
09:29 Arcane Sanctum
09:41 Guard Tower
09:56 Scout Tower
09:57 Scout Tower
10:05 Guard Tower
10:09 Arcane Tower
11:06 Guard Tower
11:10 Scout Tower
11:11 Scout Tower
11:12 Scout Tower
11:13 Scout Tower
12:10 Guard Tower
12:11 Scout Tower
12:13 Scout Tower
12:43 Guard Tower
12:44 Scout Tower
12:45 Scout Tower
12:47 Scout Tower
12:48 Scout Tower
12:50 Scout Tower
13:14 Town Hall
13:18 Guard Tower
13:21 Scout Tower
13:23 Scout Tower
13:24 Scout Tower
13:24 Scout Tower
13:25 Scout Tower
13:26 Scout Tower
13:26 Scout Tower
13:29 Scout Tower
13:29 Scout Tower
13:30 Scout Tower
13:30 Scout Tower
13:31 Scout Tower
13:32 Scout Tower
13:37 Castle
14:13 Guard Tower
14:20 Guard Tower
14:34 Scout Tower
14:42 Scout Tower
14:44 Guard Tower
14:54 Guard Tower
15:02 Guard Tower
15:13 Guard Tower
15:33 Guard Tower
15:36 Scout Tower
15:37 Scout Tower
15:38 Scout Tower
15:39 Scout Tower
15:40 Scout Tower
15:41 Scout Tower
15:42 Scout Tower
15:44 Guard Tower
15:48 Scout Tower
15:49 Scout Tower
15:49 Scout Tower
15:50 Scout Tower
15:51 Scout Tower
15:52 Scout Tower
15:53 Scout Tower
16:15 Guard Tower
16:35 Scout Tower
16:37 Scout Tower
16:40 Scout Tower
16:45 Guard Tower
17:12 Guard Tower
17:14 Scout Tower
17:15 Scout Tower
17:15 Scout Tower
17:19 Guard Tower
17:26 Arcane Vault
17:27 Arcane Vault
17:30 Guard Tower
17:34 Guard Tower
17:39 Scout Tower
17:39 Scout Tower
17:41 Scout Tower
17:45 Guard Tower
17:47 Guard Tower
17:54 Guard Tower
18:11 Guard Tower
18:18 Guard Tower
18:22 Scout Tower
18:22 Scout Tower
18:23 Scout Tower
18:27 Scout Tower
18:28 Scout Tower
18:40 Guard Tower
18:47 Guard Tower
18:52 Scout Tower
18:52 Scout Tower
18:53 Scout Tower
18:54 Scout Tower
18:54 Scout Tower
18:55 Scout Tower
18:56 Scout Tower
18:57 Scout Tower
18:58 Scout Tower
18:58 Scout Tower
18:59 Scout Tower
18:59 Scout Tower
19:03 Guard Tower
19:06 Scout Tower
19:07 Scout Tower
19:12 Scout Tower
19:13 Scout Tower
19:15 Scout Tower
19:15 Scout Tower
19:18 Guard Tower
19:37 Gryphon Aviary
19:38 Gryphon Aviary
19:52 Arcane Vault
19:57 Guard Tower
20:25 Guard Tower
21:02 Guard Tower
21:16 Guard Tower
21:19 Scout Tower
21:20 Scout Tower
21:21 Scout Tower
21:22 Scout Tower
21:23 Scout Tower
21:24 Scout Tower
21:30 Scout Tower
21:31 Scout Tower
21:33 Scout Tower
21:57 Guard Tower
22:03 Farm
22:04 Farm
22:05 Farm
22:06 Farm
22:07 Farm
22:08 Farm
22:10 Farm
22:16 Guard Tower
22:36 Guard Tower
22:46 Guard Tower
24:53 Lumber Mill
25:28 Keep
25:42 Arcane Tower
27:11 Blacksmith
29:33 Castle
29:36 Barracks
35:58 Scout Tower
36:00 Scout Tower
36:00 Scout Tower
36:01 Scout Tower
36:01 Scout Tower
37:48 Guard Tower
38:08 Guard Tower
38:31 Guard Tower
38:33 Scout Tower
39:16 Arcane Tower
39:19 Scout Tower
39:20 Scout Tower
39:20 Scout Tower
39:21 Scout Tower
40:51 Guard Tower
42:45 Guard Tower
43:08 Scout Tower
43:09 Scout Tower
43:53 Guard Tower
44:12 Guard Tower
47:15 Scout Tower
47:17 Scout Tower
47:18 Scout Tower
48:34 Guard Tower
51:01 Altar of Kings
52:14 Scout Tower
52:15 Scout Tower
52:16 Scout Tower
52:17 Scout Tower
54:01 Guard Tower
54:23 Guard Tower
62:29 Scout Tower
62:31 Scout Tower
62:31 Scout Tower
62:34 Scout Tower
62:35 Scout Tower
62:36 Scout Tower
62:37 Scout Tower
62:38 Scout Tower
62:39 Scout Tower
62:40 Scout Tower
62:41 Scout Tower
63:47 Guard Tower
77:43 Scout Tower
77:44 Scout Tower
77:45 Scout Tower
77:45 Scout Tower
77:47 Scout Tower
78:25 Guard Tower
78:58 Guard Tower
79:02 Guard Tower
79:02 Guard Tower
83:55 Guard Tower
» items
| Staff of Teleportation | 5 | |
| Boots of Speed | 3 | |
| Dust of Appearance | 1 | |
| Staff of Sanctuary | 3 | |
| Orb of Lightning | 3 | |
15 total
Chat log
(00:40 / All) TIMG4STRok: hold on my pizzas here
(00:43 / All) TIMG4STRok: can you pause please
(00:53 / All) TIMG4STRok: pause it plz
(00:54 / All) TIMG4STRok: brb
(00:55 / All) Per]Culipandeo: sorry
(00:59 / All) Per]Culipandeo: we are in coffe
(01:06 / All) TIMG4STRok: hold on one second
(01:07 / All) TIMG4STRok: Wait
(01:18 / All) Per]Culipandeo: mone is money
(01:21 / All) TIMG4STRok: wait one sec brb hes at the door pelase
(01:22 / All) iggy_the_fisk: can you not afford computers in peso
(01:22 / All) TIMG4STRok: por favor
(01:32 / All) Per]Culipandeo: sorry
(01:37 / All) TIMG4STRok: necesito uno momento por favor gracias
(01:40 / All) TIMG4STRok: PLEASE
(01:47 / All) TIMG4STRok: a muscleos
(01:49 / All) TIMG4STRok: noi stop
(01:50 / All) TIMG4STRok: hes at the door
(01:50 / All) Blahsmack: stopo
(01:52 / All) TIMG4STRok: la cuerta
(01:53 / All) Gobiner: estop
(01:59 / All) TIMG4STRok: e-stop
(02:09 / All) TIMG4STRok: listen mang
(02:11 / All) Per]Culipandeo: we dont sepack english
(02:12 / All) iggy_the_fisk: rosie perez
(02:21 / All) TIMG4STRok: espanol?\
(02:28 / All) iggy_the_fisk: una perdir de julio iglesias estopo
(02:49 / All) TIMG4STRok: como te gusta my balls mi juevos >??
(02:54 / All) Per]Culipandeo: ¿?
(02:59 / All) iggy_the_fisk: I LOVE FAT COW
(03:03 / All) TIMG4STRok: spanish?
(03:03 / All) TIMG4STRok: from
(03:06 / All) TIMG4STRok: de donde eres?
(03:08 / All) iggy_the_fisk: ^ american joke
(03:16 / All) Blahsmack: pork bun today
(03:39 / All) TIMG4STRok: donde
(03:43 / All) TIMG4STRok: what language
(03:45 / All) TIMG4STRok: spanish ?
(03:48 / All) iggy_the_fisk: donde maria why you have no cold tower
(03:49 / All) TIMG4STRok: espana?
(03:55 / All) TIMG4STRok: mexico?
(03:59 / All) TIMG4STRok: brasil juajau?
(08:30 / Allies) TIMG4STRok: bats yes/no?
(24:57 / All) Per]Culipandeo: ^^
(25:00 / All) Per]Culipandeo: TEAM PERU IS BACK
(25:15 / All) Per]Dragon: Gg
(36:26 / Allies) iggy_the_fisk: orc towers can be upgraded to fortified armor in the war mill
(37:04 / All) PER]RomeO: WHOSYOURDADDY
(37:15 / All) iggy_the_fisk: ty for the wyrm
(58:18 / All) iggy_the_fisk: how many peso you pay for this game
(60:06 / All) TIMG4STRok: TIMES UP BITCH
(60:06 / All) iggy_the_fisk: time's up insert coin
(67:00 / All) Gobiner: how many expo u need to win?
(67:01 / All) Gobiner: 12?
(67:05 / All) TIMG4STRok: LOL
(67:10 / All) TIMG4STRok: lolé
(67:12 / All) Gobiner: why no win?
(68:18 / All) TIMG4STRok: wait
(68:22 / All) TIMG4STRok: stop the game
(68:32 / All) Gobiner: please wait
(68:33 / All) Gobiner: our friend
(73:57 / All) Blahsmack: how do you guys take 12 expos and still not win?
(74:09 / All) Gobiner: you get 8 expo
(74:23 / All) iggy_the_fisk: tell us this and we will pay your coffe bills...
(82:00 / All) TIMG4STRok: team peru #1
(82:09 / All) Per]emisario: yeah
(82:16 / All) Per]emisario: we still be the number 1
(82:18 / All) iggy_the_fisk: how you like real team peru lmfao
(82:19 / All) Blahsmack: map hacking at your local internet cafe
(82:21 / All) iggy_the_fisk: womens team number 1 maybe
(84:28 / All) iggy_the_fisk: team peru #2 loses another game
(84:38 / All) TIMG4STRok: usa #1
(84:45 / All) iggy_the_fisk: you from bolivia or something lol
(84:51 / All) Blahsmack: USA all da way
(84:53 / All) Per]emisario: lol
(84:54 / All) iggy_the_fisk: never met a perugian that microed this bad...
(84:57 / All) Per]emisario: after this we will rmk
(85:03 / All) iggy_the_fisk: frikkin pirogies
(85:20 / All) TIMG4STRok: how much time in cafe you got
(85:25 / All) Per]emisario: dont care
(85:31 / All) Per]emisario: we are rich guys
(85:36 / All) iggy_the_fisk: dont have time to pause but have time to lose?
(85:48 / All) Per]emisario: yeah
(85:59 / All) TIMG4STRok: wait brb
(86:00 / All) TIMG4STRok: pizza
(86:01 / All) TIMG4STRok: Stop
(86:16 / All) iggy_the_fisk: 1v1 noob piroges?
(88:14 / All) TIMG4STRok: clan bzrk #
(88:15 / All) TIMG4STRok: 4
(88:21 / All) Per]emisario: rmk
(88:23 / All) Per]emisario: ok ?
(88:26 / All) TIMG4STRok: ok game name grudge
(88:33 / All) iggy_the_fisk: game name grudge noob dont dodge
(88:40 / All) iggy_the_fisk: i wipe my shoe on peru...
(89:56 / All) TIMG4STRok: DAYUMN
(90:01 / All) Gobiner: gg
(90:02 / All) Gobiner: gl
(90:03 / All) Gobiner: hf
(90:05 / All) TIMG4STRok: Rage quit/
(90:07 / All) iggy_the_fisk: a ragequit by team pernoob
(90:25 / All) TIMG4STRok: say good game
(90:27 / All) TIMG4STRok: NOW
(90:48 / All) TIMG4STRok: no clicking a lot isnt going to do anything
(90:57 / All) TIMG4STRok: desperately triyng to hit 100 apm before game ends
(91:00 / All) iggy_the_fisk: clickclickclick you got that fountain on lockdown
(92:19 / All) iggy_the_fisk: bye noobwyrms